Cogmind - Beta 15 @@@ ROGUE MODE // 2025.10.20 @ 15:25:47 Player: Big Jerry Result: Destroyed by S-27 Virus with Autogun Performance ------------- Evolutions (3) 1500 Regions Visited (10) 2000 Robots Destroyed (51) 255 Value Destroyed (1166) 1166 Prototype IDs (8) 160 Alien Tech Used (0) 0 Bonus (0) 0 TOTAL SCORE: 5081 Bonus ------- None Cogmind --------- Core Integrity 0/700 Matter 282/300 Energy 99/100 System Corruption 4% Temperature Cool (0) Movement Core (50) Location -7/Lower Caves Parts ------- > --- POWER (1) -------- (None) > --- PROPULSION (4) --- (None) > --- UTILITY (6) ------ Advanced Heat Sink Advanced Visual Processing Unit Improved Signal Interpreter Melee Analysis Suite Improved Melee Analysis Suite Hacking Suite > --- WEAPON (2) ------- (None) > --- INVENTORY (5) ---- Light Nuclear Core Enhanced Nuclear Core Advanced Terrain Scan Processor Datajack Peak State ------------ > --- POWER ------------ Enhanced Nuclear Core > --- PROPULSION ------- Gravmag System Improved Linear Gravjet Improved Linear Gravjet Improved Flight Unit > --- UTILITY ---------- Advanced Weight Redist. System Sensor Array Improved Signal Interpreter Improved Melee Analysis Suite Reaction Control System Hacking Suite > --- WEAPON ----------- Precision Assault Rifle Katana > --- INVENTORY -------- Enhanced Nuclear Core Advanced Terrain Scan Processor Gauss Cannon Heavy Rocket Launcher Datajack [Rating: 52] Favorites ----------- Power Light Ion Engine Engine Light Ion Engine Power Core Enhanced Nuclear Core Propulsion Hover Unit Treads Light Treads Leg Aluminum Leg Hover Unit Hover Unit Flight Unit Improved Flight Unit Utility Sensor Array Device Sensor Array Storage Small Storage Unit Processor Improved Signal Interpreter Hackware Hacking Suite Protection Hardened Medium Armor Plating Weapon Spread Laser Energy Gun Spread Laser Energy Cannon Improved EM Pulse Cannon Ballistic Gun Precision Assault Rifle Ballistic Cannon Gauss Cannon Launcher Rocket Launcher Slashing Weapon Katana Special Melee Weapon Datajack Build | -11 -10 -10 -9 -9 -9 -8 -8 -7 -7 -7 ------- Run | Yrd Mat Min Mat Min Exi Min Mat Fac Low Low Slots Evolved 6 | . . . 2 . . . 2 2 . . Power . | . . . . . . . . . . . Propulsion 2 | . . . 1 . . . . 1 . . Utility 4 | . . . 1 . . . 2 1 . . Weapon . | . . . . . . . . . . . Parts Attached 63 | 5 13 1 9 4 . . 7 16 7 1 Power 8 | 1 . . 2 . . . 1 3 . 1 Engine 2 | 1 . . 1 . . . . . . . Core 6 | . . . 1 . . . 1 3 . 1 Reactor . | . . . . . . . . . . . Propulsion 21 | 2 6 . 3 4 . . 1 3 2 . Treads 3 | 2 . . . . . . . . 1 . Leg 1 | . . . . . . . . . 1 . Wheel . | . . . . . . . . . . . Hover 12 | . 6 . 2 1 . . . 3 . . Flight 5 | . . . 1 3 . . 1 . . . Utility 16 | . 5 . 3 . . . 2 3 3 . Device 7 | . 3 . 1 . . . 1 1 1 . Storage 1 | . 1 . . . . . . . . . Processor 5 | . 1 . 1 . . . . 1 2 . Hackware 2 | . . . 1 . . . . 1 . . Protection 1 | . . . . . . . 1 . . . Artifact . | . . . . . . . . . . . Weapon 18 | 2 2 1 1 . . . 3 7 2 . Energy Gun 8 | 1 2 . 1 . . . 2 1 1 . Energy Cannon 1 | . . . . . . . . 1 . . Ballistic Gun 4 | 1 . . . . . . . 2 1 . Ballistic Cannon 1 | . . . . . . . . 1 . . Launcher 2 | . . 1 . . . . . 1 . . Special Weapon . | . . . . . . . . . . . Impact Weapon . | . . . . . . . . . . . Slashing Weapon 1 | . . . . . . . 1 . . . Piercing Weapon . | . . . . . . . . . . . Special Melee Weapon 1 | . . . . . . . . 1 . . Unidentified Prototypes 6 | . . . 3 . . . . 3 . . Parts Lost 21 | . . . 3 . . . 1 3 11 3 Power 2 | . . . 1 . . . . . 1 . Propulsion 9 | . . . 1 . . . . 3 3 2 Utility 4 | . . . . . . . 1 . 3 . Weapon 6 | . . . 1 . . . . . 4 1 Highest Loss Streak 5 | . . . 2 . . . 1 2 5 3 To Critical Strikes . | . . . . . . . . . . . Average Backups 4 | 2 4 4 4 5 5 5 4 4 3 3 Power 1 | . 1 1 1 1 1 1 1 1 1 1 Propulsion . | . 1 . . 1 1 1 1 . . . Utility 1 | . 1 2 1 1 1 1 . 1 1 1 Weapon . | . . . 1 1 1 1 . 1 . . Tool/Special . | . . . . . . . . . . . Unused Backups 8 | . 3 1 1 . . . . 1 . 2 Power 4 | . 1 . 1 . . . . 1 . 1 Propulsion 2 | . 1 1 . . . . . . . . Utility 1 | . . . . . . . . . . 1 Weapon 1 | . 1 . . . . . . . . . Tool/Special . | . . . . . . . . . . . Average Slot Usage (%) 86 | . 94 100 96 94 88 88 89 95 58 68 Engine 6 | . 14 14 8 11 11 11 6 . . . Core 1 | . . . 2 . . . 2 7 1 . Treads 1 | . 5 . . . . . . . 1 6 Hover 12 | . 22 28 30 16 . . . 5 1 . Flight 10 | . . . . 16 33 33 27 21 7 7 Device 12 | . 11 14 11 11 11 11 20 21 4 7 Processor 14 | . 10 14 10 11 11 11 9 14 21 30 Hackware 6 | . . . 11 11 11 11 9 6 7 7 Energy Gun 10 | . 23 27 10 11 11 11 9 . 1 . Ballistic Gun 2 | . 4 . . . . . . 3 3 7 Launcher 1 | . . . 11 5 . . . . . . Slashing Weapon 1 | . . . . . . . 2 6 2 . Peak Build Rating 52 | 5 9 9 20 23 21 21 30 52 42 35 Average Rating 21 | 3 8 9 17 20 21 21 26 41 25 31 On Entrance 18 | . 5 9 9 19 21 21 21 27 42 32 Naked Turns . | . . . . . . . . . . . Heaviest Build 23 | 7 12 11 16 16 12 12 23 19 20 3 Greatest Support 46 | 40 46 12 18 19 13 13 20 29 26 5 Greatest Overweight (x) 5 | . . . 2 1 . . 1 . 5 . Average Overweight (x) . | . . . . . . . . . . . Largest Inventory Capacity 8 | 5 8 5 5 5 5 5 5 5 5 5 Average Capacity 5 | 5 5 5 5 5 5 5 5 5 5 5 Most Carried 5 | 5 5 5 5 5 5 5 5 5 5 4 Average Carried 4 | 2 4 4 4 5 5 5 4 4 3 3 Final Capacity 5 | 5 5 5 5 5 5 5 5 5 5 5 Final Carried 5 | 5 5 5 5 5 5 5 4 5 3 4 Class Distribution -------------------- 68% | Mutant 25% | Sprinter 5% | Derelict-Mutant Dominant Class ---------------- Mutant | -10/Materials Mutant | -10/Mines Mutant | -9/Materials Sprinter | -9/Mines Sprinter | -9/Exiles Sprinter | -8/Mines Sprinter | -8/Materials Sprinter | -7/Factory Mutant | -7/Lower Caves Derelict-Mutant | -7/Lower Caves Resources | -11 -10 -10 -9 -9 -9 -8 -8 -7 -7 -7 ----------- Run | Yrd Mat Min Mat Min Exi Min Mat Fac Low Low Matter Collected 1559 | 50 357 . 175 182 . . 31 318 424 22 Remotely . | . . . . . . . . . . . Salvage Created 1579 | . 530 36 267 . . . 62 280 363 41 Parts 83 | . 31 5 13 . . . 4 18 9 3 Haulers Intercepted 8 | . 2 . 1 . . . 1 4 . . Recyclers Shooed 2 | . 2 . . . . . . . . . Parts Field Recycled . | . . . . . . . . . . . Retrieved Matter . | . . . . . . . . . . . Parts Self-Destructed 8 | . . . . . . . . . 6 2 Prevented . | . . . . . . . . . . . Kills | -11 -10 -10 -9 -9 -9 -8 -8 -7 -7 -7 ------- Run | Yrd Mat Min Mat Min Exi Min Mat Fac Low Low Combat Hostiles Destroyed 30 | . 9 4 3 . . . . 1 11 2 Melee 4 | . . . . . . . . 1 3 . Guns 22 | . 9 4 3 . . . . . 4 2 AOE 4 | . . . . . . . . . 4 . Classes Destroyed 9 | . 6 . . . . . . 1 2 . Hauler 8 | . 2 . 1 . . . 1 4 . . Recycler 5 | . 3 . 2 . . . . . . . Operator 3 | . 2 . . . . . . 1 . . Watcher 5 | . 3 . 1 . . . 1 . . . Swarmer 13 | . 6 4 . . . . . . 1 2 Grunt 13 | . 3 . 3 . . . . . 7 . Brawler 2 | . . . . . . . . . 2 . Sentry 1 | . . . . . . . . . 1 . Programmer 1 | . . . . . . . . 1 . . Packrat 1 | . . . . . . . . . 1 . Best Kill Streak 4 | . 4 2 3 . . . 2 2 4 2 Combat Bots Only 4 | . 4 2 2 . . . . 1 4 2 Max Kills in Single Turn 3 | . 2 2 1 . . . 1 1 3 1 Gunslinging 1 | . 1 1 . . . . . . 1 . Exploded 2 | . . . . . . . . . 2 . Melee 1 | . . . . . . . . 1 1 . Uniques/NPCs Destroyed . | . . . . . . . . . . . Combat | -11 -10 -10 -9 -9 -9 -8 -8 -7 -7 -7 -------- Run | Yrd Mat Min Mat Min Exi Min Mat Fac Low Low Hostile Shots Fired 312 | . 29 17 22 . . 1 19 59 122 43 Missed 136 | . 9 8 12 . . . 7 25 53 22 Hits 176 | . 20 9 10 . . 1 12 34 69 21 Projectile 176 | . 20 9 10 . . 1 12 34 69 21 AOE 1 | . . . . . . . . 1 . . Critical Strikes 5 | . . . . . . . 1 1 3 . Damage Taken 2717 | . 168 78 164 . . 18 246 653 1091 299 Core 928 | . 34 32 54 . . . 106 274 282 146 Absorbed by Shields . | . . . . . . . . . . . Regen/Repaired (Parts) 39 | . . . 39 . . . . . . . Core Remaining (%) 84 | 100 . 73 . . . 86 80 . . . Volleys Fired 110 | . 39 10 12 . . . 7 3 31 8 Largest 2 | . 2 2 2 . . . 2 1 2 1 Hottest 130 | . 130 130 96 . . . 126 39 89 24 Shots Fired 172 | . 78 17 20 . . . 8 3 38 8 Gun 142 | . 78 14 11 . . . 8 2 21 8 Cannon 5 | . . . . . . . . . 5 . Launcher 25 | . . 3 9 . . . . 1 12 . Special . | . . . . . . . . . . . Kinetic 43 | . 10 . . . . . . 2 23 8 Thermal 104 | . 68 14 11 . . . 8 . 3 . Explosive 25 | . . 3 9 . . . . 1 12 . Electromagnetic . | . . . . . . . . . . . Robot Hit Streak 11 | . 11 4 4 . . . 9 1 6 2 Robot Miss Streak 22 | . 22 9 2 . . . . 1 5 6 Penetration Max . | . . . . . . . . . . . Secondary Targets 5 | . 3 1 . . . . . . 1 . Max Gunslinging Chain 1 | . 1 1 . . . . . . 1 . Shots Hit Robots 148 | . 61 12 9 . . . 8 24 29 5 Core Hits 131 | . 61 11 11 . . . 3 4 37 4 Critical Kills . | . . . . . . . . . . . Critical Parts Destroyed . | . . . . . . . . . . . Critical Strikes 5 | . 1 . 1 . . . . 2 1 . Burn 2 | . 1 . 1 . . . . . . . Blast 1 | . . . . . . . . . 1 . Sever 2 | . . . . . . . . 2 . . Melee Attacks 56 | . . . . . . . 3 50 3 . Impact . | . . . . . . . . . . . Slashing 46 | . . . . . . . 3 40 3 . Piercing . | . . . . . . . . . . . Sneak Attacks 10 | . . . . . . . . 10 . . Combat Hostiles . | . . . . . . . . . . . Follow-up Attacks . | . . . . . . . . . . . Damage Inflicted 3624 | . 655 139 379 . . . 137 706 1513 95 Guns 1517 | . 655 139 120 . . . 137 21 350 95 Cannons 58 | . . . . . . . . . 58 . Explosions 1246 | . . . 259 . . . . . 987 . Melee 803 | . . . . . . . . 685 118 . Ramming . | . . . . . . . . . . . Kinetic 583 | . 107 . . . . . . 21 360 95 Thermal 992 | . 548 139 120 . . . 137 . 48 . Explosive 1246 | . . . 259 . . . . . 987 . Electromagnetic . | . . . . . . . . . . . Impact . | . . . . . . . . . . . Slashing 803 | . . . . . . . . 685 118 . Piercing . | . . . . . . . . . . . Highest Corruption 4 | . . . . . . . . 4 4 4 Average Corruption 3 | . . . . . . . . 3 4 4 Corruption Purged . | . . . . . . . . . . . Corruption Blocked . | . . . . . . . . . . . Effects 17 | . . . . . . . . 2 14 1 Message Errors 5 | . . . . . . . . . 5 . Matter Fused 4 | . . . . . . . . 2 1 1 Heat Flow Errors 1 | . . . . . . . . . 1 . Energy Discharges 2 | . . . . . . . . . 2 . Parts Fused 2 | . . . . . . . . . 2 . Data Loss (minor) 2 | . . . . . . . . . 2 . Alerts 1 | . . . . . . . . . 1 . Overload Shots . | . . . . . . . . . . . Overflow Damage 96 | . . . . . . . . 53 43 . Projectiles . | . . . . . . . . . . . Explosions 43 | . . . . . . . . . 43 . Melee 53 | . . . . . . . . 53 . . Knockbacks . | . . . . . . . . . . . Impact . | . . . . . . . . . . . Kinetic . | . . . . . . . . . . . Secondary . | . . . . . . . . . . . Self-Inflicted Damage 39 | . . . 39 . . . . . . . Shots 1 | . . . 1 . . . . . . . Rammed 1 | 1 . . . . . . . . . . Targets Rammed 1 | 1 . . . . . . . . . . Kicked . | . . . . . . . . . . . Crushed . | . . . . . . . . . . . Highest Temperature 450 | . 450 300 144 . . . 117 5 136 . Average Temperature 99 | . 115 128 48 . . . 45 5 50 . Received Heat Transfer 591 | . 21 9 75 . . 9 54 102 315 6 Effects 5 | . 3 2 . . . . . . . . Shutdowns 1 | . 1 . . . . . . . . . Energy Bleed 3 | . 2 1 . . . . . . . . Interference 1 | . . 1 . . . . . . . . Siege Activations . | . . . . . . . . . . . Martial Activations . | . . . . . . . . . . . Shielding Activations . | . . . . . . . . . . . Robots Disrupted . | . . . . . . . . . . . Combat Hostiles . | . . . . . . . . . . . Robots Corrupted . | . . . . . . . . . . . Combat Hostiles . | . . . . . . . . . . . Parts Fried . | . . . . . . . . . . . Impact Corruptions . | . . . . . . . . . . . Robots Melted . | . . . . . . . . . . . Combat Hostiles . | . . . . . . . . . . . Parts Melted . | . . . . . . . . . . . Heat Transferred 1823 | . 913 170 333 . . . 296 . 111 . Parts Sabotaged . | . . . . . . . . . . . Parts Stolen . | . . . . . . . . . . . Parts Stripped . | . . . . . . . . . . . Power Chain Reactions . | . . . . . . . . . . . Alert | -11 -10 -10 -9 -9 -9 -8 -8 -7 -7 -7 ------- Run | Yrd Mat Min Mat Min Exi Min Mat Fac Low Low Maximum Alert Level . | . . . . . . . . . . . Low Security (%) 100 | 100 100 100 100 100 . 100 100 100 . . Level 1 . | . . . . . . . . . . . Level 2 . | . . . . . . . . . . . Level 3 . | . . . . . . . . . . . Level 4 . | . . . . . . . . . . . Level 5 . | . . . . . . . . . . . High Security . | . . . . . . . . . . . Max Security . | . . . . . . . . . . . Peak Influence 139 | . 96 108 139 49 . 45 27 122 . . Initial 49 | . . 23 37 49 . . 9 . . . Average 29 | . 26 68 51 16 . 10 9 32 . . Influence Increases 1555 | . 297 145 271 45 . 45 44 348 290 70 Destroy 0b10 Robot/C 600 | . 180 80 60 . . . . 20 220 40 Destroy 0b10 Robot/NC 105 | . 50 . 20 . . . 10 25 . . Destroy Leader 124 | . 50 20 24 . . . 4 16 10 . Successful Hack 57 | . 17 . 6 . . . 12 22 . . Disable Machine 45 | . . . 15 . . . . 30 . . Destroy Structure 99 | . . 15 56 . . . 3 25 . . Partial Spotted 105 | . . . . 45 . . 15 45 . . Lose Combat Pursuer 420 | . . 30 90 . . 45 . 165 60 30 Influence Decreases 1555 | . 237 107 240 174 . 20 69 252 386 70 Entered New Map 230 | . . 37 61 80 . . 16 . 36 . Time Decay 1129 | . 237 70 157 94 . 20 49 222 240 40 Lost Part 196 | . . . 22 . . . 4 30 110 30 Squads Dispatched 8 | . 1 . 3 . . . . 4 . . Investigation 2 | . . . 1 . . . . 1 . . Extermination 1 | . . . . . . . . 1 . . Reinforcement 5 | . 1 . 2 . . . . 2 . . Assault . | . . . . . . . . . . . Garrison . | . . . . . . . . . . . Intercept . | . . . . . . . . . . . Searches Triggered . | . . . . . . . . . . . Construction Impeded 1 | . . . 1 . . . . . . . Haulers Reinforced 1 | . . . . . . . . 1 . . Active Scanning Responses . | . . . . . . . . . . . Cargo Convoy Interrupts . | . . . . . . . . . . . Stealth | -11 -10 -10 -9 -9 -9 -8 -8 -7 -7 -7 --------- Run | Yrd Mat Min Mat Min Exi Min Mat Fac Low Low Distress Signals 4 | . 2 . . . . . 1 1 . . Communications Jammed . | . . . . . . . . . . . Distress Signals . | . . . . . . . . . . . Times Spotted 92 | . 17 8 13 2 . 2 7 19 15 9 Peak Tracking Total 7 | . 7 3 6 2 . 3 4 6 4 6 Tactical Retreats 15 | . . 1 3 . . 1 . 5 4 1 Traps | -11 -10 -10 -9 -9 -9 -8 -8 -7 -7 -7 ------- Run | Yrd Mat Min Mat Min Exi Min Mat Fac Low Low Traps Triggered 4 | . . . 1 . . . 1 2 . . Indirectly . | . . . . . . . . . . . Trap Hack Attempts 24 | . . . . . . . . 24 . . Triggered . | . . . . . . . . . . . Disarmed . | . . . . . . . . . . . Reprogrammed 6 | . . . . . . . . 6 . . Reused . | . . . . . . . . . . . Traps Extracted . | . . . . . . . . . . . Installed . | . . . . . . . . . . . Triggered . | . . . . . . . . . . . Machines | -11 -10 -10 -9 -9 -9 -8 -8 -7 -7 -7 ---------- Run | Yrd Mat Min Mat Min Exi Min Mat Fac Low Low Machines Disabled 3 | . . . 1 . . . . 2 . . Max in Single Turn 1 | . . . 1 . . . . 1 . . Garrison Access 1 | . . . . . . . . 1 . . Machines Repaired . | . . . . . . . . . . . Machines Dismantled . | . . . . . . . . . . . Machines Sabotaged . | . . . . . . . . . . . Overloaded Fab Kills . | . . . . . . . . . . . Hacking | -11 -10 -10 -9 -9 -9 -8 -8 -7 -7 -7 --------- Run | Yrd Mat Min Mat Min Exi Min Mat Fac Low Low Machines Accessed 25 | . 6 . 4 . 4 . 3 7 . 1 Terminals 14 | . 4 . 3 . . . 3 3 . 1 Fabricators 1 | . . . . . . . . 1 . . Repair Stations 1 | . . . 1 . . . . . . . Recycling Units 3 | . 2 . . . . . . 1 . . Scanalyzers . | . . . . . . . . . . . Garrison Access 2 | . . . . . . . . 2 . . Total Hacks 48 | . 11 . 9 . 4 . 7 16 . 1 Successful 34 | . 7 . 7 . 4 . 6 9 . 1 Failed 14 | . 4 . 2 . . . 1 7 . . Catastrophic 1 | . . . . . . . . 1 . . Database Lockouts . | . . . . . . . . . . . Manual . | . . . . . . . . . . . Terminals 28 | . 9 . 4 . . . 7 7 . 1 Fabricators 4 | . . . . . . . . 4 . . Repair Stations 5 | . . . 5 . . . . . . . Recycling Units 3 | . 2 . . . . . . 1 . . Scanalyzers . | . . . . . . . . . . . Garrison Access 4 | . . . . . . . . 4 . . Terminal Hacks 24 | . 6 . 3 . 4 . 6 4 . 1 Record 5 | . . . . . 4 . . . . 1 Part Schematic 1 | . . . . . . . . 1 . . Prototype ID Bank 1 | . . . 1 . . . . . . . Open DSF 1 | . . . . . . . . 1 . . Locate Traps 7 | . 4 . . . . . 2 1 . . Dispatch Records 1 | . . . 1 . . . . . . . Investigation Status 1 | . . . . . . . 1 . . . Extermination Status 1 | . . . . . . . . 1 . . Hauler Manifests 2 | . 1 . . . . . 1 . . . Registered Components 1 | . 1 . . . . . . . . . Zone Layout 3 | . . . 1 . . . 2 . . . Fabricator Hacks 3 | . . . . . . . . 3 . . Load Schematic 1 | . . . . . . . . 1 . . Build 2 | . . . . . . . . 2 . . Repair Station Hacks 4 | . . . 4 . . . . . . . Scan Component 2 | . . . 2 . . . . . . . Repair 2 | . . . 2 . . . . . . . Recycling Unit Hacks 2 | . 1 . . . . . . 1 . . Report Inventory 2 | . 1 . . . . . . 1 . . Scanalyzer . | . . . . . . . . . . . Garrison Access Hacks 1 | . . . . . . . . 1 . . Seal Access 1 | . . . . . . . . 1 . . Unauthorized Hacks . | . . . . . . . . . . . Terminals . | . . . . . . . . . . . Fabricators . | . . . . . . . . . . . Repair Stations . | . . . . . . . . . . . Recycling Units . | . . . . . . . . . . . Scanalyzers . | . . . . . . . . . . . Garrison Access . | . . . . . . . . . . . Data Cores Recovered 1 | . 1 . . . . . . . . . Used . | . . . . . . . . . . . Hacking Detections 8 | . 2 . 2 . . . 1 3 . . Full Trace Events 1 | . . . . . . . . 1 . . Feedback Events . | . . . . . . . . . . . Feedback Blocked . | . . . . . . . . . . . Robot Schematics Acquired . | . . . . . . . . . . . Robots Built . | . . . . . . . . . . . Authchips . | . . . . . . . . . . . Time . | . . . . . . . . . . . Total Robot Build Rating . | . . . . . . . . . . . Part Schematics Acquired 1 | . . . . . . . . 1 . . Parts Built 4 | . . . . . . . . 4 . . Authchips . | . . . . . . . . . . . Time 201 | . . . . . . . . 201 . . Total Part Build Rating 22 | . . . . . . . . 22 . . Parts Repaired 2 | . . . 2 . . . . . . . Time 52 | . . . 52 . . . . . . . Parts Recycled . | . . . . . . . . . . . Recycled Matter . | . . . . . . . . . . . Retrieved Matter . | . . . . . . . . . . . Retrieved Components . | . . . . . . . . . . . Parts Scanalyzed . | . . . . . . . . . . . Part Schematics Acquired . | . . . . . . . . . . . Parts Damaged . | . . . . . . . . . . . Bothacking | -11 -10 -10 -9 -9 -9 -8 -8 -7 -7 -7 ------------ Run | Yrd Mat Min Mat Min Exi Min Mat Fac Low Low Used RIF Installer . | . . . . . . . . . . . Robots Hacked 5 | . . . . . . . . 5 . . Non-combat 5 | . . . . . . . . 5 . . Combat . | . . . . . . . . . . . Robot Hacks Applied 9 | . . . . . . . . 9 . . no_distress 5 | . . . . . . . . 5 . . find_fabricator 4 | . . . . . . . . 4 . . Relay Couplers Released . | . . . . . . . . . . . Fabnet Peak Effective % . | . . . . . . . . . . . Robots Rewired . | . . . . . . . . . . . Allies Hacked . | . . . . . . . . . . . Hacks Repelled . | . . . . . . . . . . . Allies | -11 -10 -10 -9 -9 -9 -8 -8 -7 -7 -7 -------- Run | Yrd Mat Min Mat Min Exi Min Mat Fac Low Low Total Allies . | . . . . . . . . . . . Largest Group . | . . . . . . . . . . . Highest-Rated Group . | . . . . . . . . . . . Highest-Rated Ally . | . . . . . . . . . . . Total Orders . | . . . . . . . . . . . Ally Attacks . | . . . . . . . . . . . Total Damage . | . . . . . . . . . . . Kills . | . . . . . . . . . . . Allies Corrupted . | . . . . . . . . . . . Allies Melted . | . . . . . . . . . . . Intel | -11 -10 -10 -9 -9 -9 -8 -8 -7 -7 -7 ------- Run | Yrd Mat Min Mat Min Exi Min Mat Fac Low Low Active Infowar (turns) 2789 | . 661 143 342 276 108 123 146 642 258 90 Optics 214 | . . . . . . . . . 124 90 Sensors 2575 | . 661 143 342 276 108 123 146 642 134 . Robot Analysis Total . | . . . . . . . . . . . Derelict Logs Recovered 5 | . . 2 . 2 . . . . . 1 Drone Launches . | . . . . . . . . . . . Drone Recoveries . | . . . . . . . . . . . Exploration | -11 -10 -10 -9 -9 -9 -8 -8 -7 -7 -7 ------------- Run | Yrd Mat Min Mat Min Exi Min Mat Fac Low Low Turns Passed 3456 | 71 852 143 342 276 108 123 146 642 663 90 Spaces Moved 5469 | 39 937 198 425 667 357 410 306 1322 686 122 Core 84 | 4 . . . . . . . . 79 1 Treads 123 | 35 78 . . . . . . . 10 . Legs 135 | . . . . . . . . . 135 . Wheels . | . . . . . . . . . . . Hover 2296 | . 859 198 425 256 . . . 511 47 . Flight 2831 | . . . . 411 357 410 306 811 415 121 Fastest Speed 27 | 50 56 56 52 30 30 30 30 27 40 40 Average Speed 48 | 148 64 56 53 38 30 30 30 31 82 59 Slowest Speed 300 | 160 160 56 180 116 30 30 106 46 300 60 Overloaded Moves . | . . . . . . . . . . . Propulsion Burnouts . | . . . . . . . . . . . Robots Hopped 13 | . . . . 6 . 4 3 . . . Potential Cave-ins 1 | . . . 1 . . . . . . . Cave-ins Triggered . | . . . . . . . . . . . Exploration Rate (%) 49 | 3 94 51 31 72 65 68 24 27 76 32 Regions Visited 10 Branch Regions 6 Pre-discovered Areas 3 | . . 1 . 2 . . . . . . Known Exits Taken 9 | . 1 1 1 1 1 1 1 1 1 . Unknown Exits Taken 1 | 1 . . . . . . . . . . Scrap Searched 7 | . . . . 3 . 1 . . 3 . Spaces Dug 66 | . . 34 . . . . 3 29 . . Terrain Destroyed 215 | . . 34 59 . . . 3 29 90 . Melee 18 | . . . . . . . 3 15 . . Projectile 5 | . . . . . . . . . 5 . AOE 192 | . . 34 59 . . . . 14 85 . Terrain Rammed . | . . . . . . . . . . . Walls Destroyed . | . . . . . . . . . . . Machines Disabled . | . . . . . . . . . . . Actions | -11 -10 -10 -9 -9 -9 -8 -8 -7 -7 -7 --------- Run | Yrd Mat Min Mat Min Exi Min Mat Fac Low Low Total 6006 | 49 1107 212 518 677 357 405 340 1471 738 132 Wait 206 | . 103 2 56 11 1 . 16 10 7 . Move 5433 | 38 936 197 424 654 356 401 299 1321 685 122 Hop 13 | . . . . 6 . 4 3 . . . Pick Up 19 | 5 4 1 3 . . . . 5 1 . Fast Attach 32 | 5 3 . 7 . . . 5 5 6 1 Attach 10 | . 1 . 2 . . . 3 2 2 . Detach 4 | . 1 . . . . . 1 1 . 1 Swap 52 | . 9 1 9 4 . . 2 24 3 . Drop 25 | . 11 1 5 2 . . 1 5 . . Fire 110 | . 39 10 12 . . . 7 3 31 8 Melee 56 | . . . . . . . 3 50 3 . Ram . | . . . . . . . . . . . Kick . | . . . . . . . . . . . Crush 1 | 1 . . . . . . . . . . Escape Stasis 21 | . . . . . . . . 21 . . Rewire . | . . . . . . . . . . . Trap 24 | . . . . . . . . 24 . . Miscellaneous . | . . . . . . . . . . . Route ------- -11/Scrapyard -10/Materials (discovered 6 exits: *Mat x3 / *Min x2 / *Sub) -10/Mines (discovered 3 exits: *Mat x2 / *Sub) -9/Materials (discovered 2 exits: *Mat / *Min) -9/Mines (discovered 2 exits: *Mat / *Exi) -9/Exiles (discovered 2 exits: *Min x2) -8/Mines -8/Materials -7/Factory (discovered 2 exits: *Fac / *Low) -7/Lower Caves -7/Lower Caves (discovered 1 exit: *Fac) History --------- Turn | Location | Event 11 | -11/Scrapyard | Discovered new exit (range 14) 72 | -11/Scrapyard | Entered Materials 238 | -10/Materials | Discovered new exit (range 11) 305 | -10/Materials | Discovered new exit (range 16) 308 | -10/Materials | Build established: Mutant 385 | -10/Materials | Identified exit to Mines 449 | -10/Materials | Discovered exit to Mines (range 10) 655 | -10/Materials | Discovered new exit (range 8) 659 | -10/Materials | Identified exit to Subcaves 725 | -10/Materials | Discovered new exit (range 12) 815 | -10/Materials | Discovered new exit (range 16) 823 | -10/Materials | Identified exit to Materials 924 | -10/Materials | Entered Mines 973 | -10/Mines | Discovered exit to Subcaves (range 9) 981 | -10/Mines | Discovered exit to Materials (range 3) 986 | -10/Mines | Learned location of Recycling (-8) 1009 | -10/Mines | Assembled infested the area 1011 | -10/Mines | Received a Rocket Launcher from a helpful Derelict 1014 | -10/Mines | Assisted by a Guerilla fighting off Assembled 1067 | -10/Mines | Entered Materials 1067 | -9/Materials | Evolved 2 slots: Propulsion x1, Utility x1 1110 | -9/Materials | Discovered new exit (range 8) 1251 | -9/Materials | Repaired Hover Unit 1279 | -9/Materials | Repaired Hover Unit 1296 | -9/Materials | Discovered new exit (range 5) 1297 | -9/Materials | Identified exit to Materials 1409 | -9/Materials | Identified exit to Mines 1409 | -9/Materials | Entered Mines 1412 | -9/Mines | Found DCF Scrap (13 items) 1478 | -9/Mines | Learned location of Zion (-6) 1622 | -9/Mines | Deemed a non-threat by the Exiles lab entrance 1622 | -9/Mines | Discovered new exit (range 5) 1623 | -9/Mines | Identified exit to Exiles 1645 | -9/Mines | Discovered exit to Materials (range 13) 1685 | -9/Mines | Entered Exiles 1685 | -9/Exiles | Found Exiles lab abandoned 1723 | -9/Exiles | Discovered new exit (range 10) 1726 | -9/Exiles | Identified exit to Mines 1790 | -9/Exiles | Discovered exit to Mines (range 14) 1793 | -9/Exiles | Entered Mines 1837 | -8/Mines | Build established: Sprinter 1885 | -8/Mines | Discovered exit to Materials (range 15) 1916 | -8/Mines | Entered Materials 1916 | -8/Materials | Evolved 2 slots: Utility x2 2003 | -8/Materials | Discovered new exit (range 14) 2050 | -8/Materials | Identified exit to Factory 2062 | -8/Materials | Entered Factory 2062 | -7/Factory | Evolved 2 slots: Propulsion x1, Utility x1 2077 | -7/Factory | Discovered new exit (range 3) 2078 | -7/Factory | Identified exit to Lower Caves 2260 | -7/Factory | Fabricated Imp. Linear Gravjet? 2298 | -7/Factory | Discovered new exit (range 16) 2302 | -7/Factory | Identified exit to Factory 2498 | -7/Factory | Fabricated Core Analyzer? 2704 | -7/Factory | Entered Lower Caves 2712 | -7/Lower Caves | Attracted the attention of an 0b10 checkpoint 2715 | -7/Lower Caves | Build established: Mutant 2750 | -7/Lower Caves | Lost 3 parts (1n2u) 2797 | -7/Lower Caves | Spotted B-75 Beast 2820 | -7/Lower Caves | Core integrity fell below 50% 2869 | -7/Lower Caves | Lost 5 parts (1p1n1u2w) 3348 | -7/Lower Caves | Ambushed by research squad 3356 | -7/Lower Caves | Discovered new exit (range 20) 3367 | -7/Lower Caves | Identified exit to Lower Caves 3367 | -7/Lower Caves | Entered another Lower Caves area 3379 | -7/Lower Caves | Core integrity fell below 20% 3393 | -7/Lower Caves | Attracted the attention of an 0b10 checkpoint 3398 | -7/Lower Caves | Discovered exit to Factory (range 3) 3421 | -7/Lower Caves | Learned Factory terminal intel 3457 | -7/Lower Caves | Destroyed by S-27 Virus with Autogun Last Messages --------------- S-27 Virus destroyed. Lgt. Nuclear Core fries itself beyond repair. VTOL Module fries itself beyond repair. Acquired 20 matter. Acquired Lgt. Nuclear Core. Y-54 Guardian: "INTERCEPTING UNREGISTERED DERELICT." Acquired 2 matter. EXIT=FOUND: FACTORY System corrupted: Matter fused (-5). Slug penetrates Wall. Acquired derelict log, extracted data. Data stored: Factory terminal intel. Adv. Treads destroyed. Connecting with Outpost Terminal... >>Query(Status Report %%%%) %%%%%%% %%% %%%%% %%%% %%% %%%%%%%%% %%% %% %%%%. Imp. Flight Unit destroyed. Mak. Shrapnel Gun destroyed. Map ----- +----------------------------------------------------+ | ????????????????????????????????????????# | | ????????????????????????????????????????## | | ?????????????????????????????????????????## | | ??????????????????????????????????????????# | | ?????????????????????????????????????????## | | ?????????????????????????????????????????# | | ?????????????????????????????????????????# | | ?????????????????????????????????????????#### # | | ????????????????????????????????????????????# # | | ????????????????????????????????????????????# # | | ????????????????????????????????????????????# # | | ????????????????????????????????????????????# ## | | ?????????????????????#????????????????####### ### | | ??????????????????#### ?????####??????# | | ???????????????????$ ????? #??????# | | ???????????????????? ????? #??????# " " " | | ??????????????????#? ###### #??????# """""" | | ??????????????????# ? "# #?####?# """"""" | | ??????????????????# " "# #?# ### | | ??????????????????#"]" ### " " " | | ??????????????????# # """"" | | ??????????????????# # # """"" | | ??????????????????# " # # #### | | ??????????????????# T # ## #??# | | ???????????????# # g g s""# ##?### #### | | ???????????????# " "" @ "# ## ###?###??### | | ???????????????# ####/ss# ## #????????# | | ???????????????# s #????????# | | ???????????????# #??????## | | ???????????????# ### #### #??##### | | ??????????????# #??# #??# #?## ## # | | ???????????# #??? ?? ######?# ## | | ???????????# #??? ? ##??????# ###? | | ??????????# ???## ?#####??????# ##??? | | ?????????? ?????## #??????????# ##???? | | ??????????# ## ???????####??????????# ##????? | | ???????????###??#??????????????????????####??????? | | ?????????????????????????????????????????????????? | | ?????????????????????????????????????????????????? | | ?????????????????????????????????????????????????? | | ?????????????????????????????????????????????????? | | ?????????????????????????????????????????????????? | | ?????????????????????????????????????????????????? | | ?????????????????????????????????????????????????? | | ?????????????????????????????????????????????????? | | ?????????????????????????????????????????????????? | | ?????????????????????????????????????????????????? | | ?????????????????????????????????????????????????? | | ?????????????????????????????????????????????????? | | ?????????????????????????????????????????????????? | +----------------------------------------------------+ Best States ------------- Heat Dissipation 53 Energy Generation 17 Energy Capacity 300 Matter Stores 300 Matter Capacity 300 Sight Range 20 Robot Scan Range 14 Terrain Scan Density 10 Additional Mass Support 9 Armor Coverage 225 Evasion (%) 72 Melee Accuracy 11 Recoil Reduction 2 Offensive Hacking 10 Item Schematics ----------------- Core Analyzer | -7/Factory | Hacked Robot Schematics ------------------ None Fabricated ------------ Imp. Linear Gravjet | x2 | -7/Factory | Preloaded Core Analyzer | x2 | -7/Factory Repaired ---------- Hover Unit | 26% | -9/Materials Hover Unit | 43% | -9/Materials Alien Tech Used ----------------- None Achievements -------------- None Challenges ------------ None Game ------ Seed NeutrinoClaymoresBotcube Manual? 0 Play Time 01:27:38 Cumulative 31.4 hours Start 2025.10.20 @ 13:58:08 End 2025.10.20 @ 15:25:47 Sessions 1 Manual Loads 0 Difficulty Rogue Special Mode None Game No. 40 Rogue 40 Adventurer 0 Explorer 0 Win Type - Total 0 Types 0/0/0/0/0/0/0/0/0/0 Lore% 24 Gallery% 24 Achievement% 23 Wizard Run 0 Options --------- Layout 1 ASCII 0 Keyboard 0 Movement Numpad Keybinds 0 Fullscreen 1 Font 24/Swanston Map View 50x35 Zoom Use 0% Tactical HUD 0 Map Filters NONE Filters NONE Steam 1 RUN: 71d3c110-c7e5-42e5-b27e-7f989f2593d2